 Dungeon Crawl Stone Soup version 0.29-a0-322-g68df515428 (webtiles) character file.

Game seed: 6629653551870096090

88 bande the Covered (level 4, 0/29 HPs)
             Began as a Gargoyle Fighter on Apr 10, 2022.
             Slain by a worm (7 damage)
             ... on level 3 of the Dungeon.
             The game lasted 00:03:50 (2469 turns).

bande the Covered (Gargoyle Fighter)                Turns: 2469, Time: 00:03:50

Health: 0/29       AC: 10    Str: 20    XL:     4   Next: 53%
Magic:  4/4        EV:  9    Int:  8    God:
Gold:   87         SH:  5    Dex: 11    Spells: 3/3 levels left

rFire   . . .      SeeInvis .   a - +0 war axe
rCold   . . .      Faith    .   c - +1 buckler
rNeg    + . .      Spirit   .   b - +0 scale mail
rPois   ∞          Reflect  .   (no helmet)
rElec   +          Harm     .   (no cloak)
rCorr   .          Rampage  .   (no gloves)
Will    .....                   (no boots)
Stlth   ..........              (no amulet)
HPRegen 0.09/turn               (no ring)
MPRegen 0.09/turn               (no ring)

@: very slow
A: sickness immunity, AC +3, negative energy resistance 1, electricity
resistance, torment resistance 1, petrification resistance
a: no special abilities


You were on level 3 of the Dungeon.
You visited 1 branch of the dungeon, and saw 3 of its levels.

You collected 87 gold pieces.

Inventory:

Hand Weapons
 a - a +0 war axe (weapon)
 i - a +1 mace of holy wrath
 j - a +0 war axe
Armour
 b - a +0 scale mail (worn)
 c - a +1 buckler (worn)
Jewellery
 m - the ring "Lirikiq" {AC+4 Int-4 Dex+5}
   (You found it on level 2 of the Dungeon)

   [ring of protection]

   AC:        It affects your AC (+4).
   Int:       It affects your intelligence (-4).
   Dex:       It affects your dexterity (+5).
Scrolls
 e - 5 scrolls of identify
 k - 2 scrolls of teleportation
 n - a scroll of fog
 o - a scroll of enchant armour
Potions
 d - a potion of might
 f - a potion of curing
 g - a potion of invisibility
 h - 2 potions of brilliance
 l - a potion of resistance


   Skills:
 + Level 3.6 Fighting
 + Level 3.1 Axes
 + Level 4.0 Armour
 + Level 3.7 Shields


You had 3 spell levels left.
You didn't know any spells.
Your spell library contained the following spells:

 Spells                   Type           Power      Damage    Failure   Level
 Freezing Cloud           Conj/Ice/Air   0%         6-21      100%        5
 Simulacrum               Ice/Necr       0%         N/A       100%        6
 Polar Vortex             Ice            0%         N/A       100%        9


Dungeon Overview and Level Annotations

Branches:
Dungeon (3/15)

Altars:

Shops:
D:2 =


Innate Abilities, Weirdness & Mutations

You are immune to sickness and miasma.
Your stone body is resilient. (AC +3)
You are immune to poison.
You resist negative energy. (rN+)
You are resistant to electric shocks. (rElec)
You are resistant to unholy torment.
You are immune to petrification.


Message History

Things that are here:
a +0 short sword; a kobold corpse
e - 5 scrolls of identify (gained 1)
Found a scroll of vulnerability.
No target in view!
A worm comes into view.
A worm is nearby!
You enter the shallow water.
Moving in this stuff is going to be slow.
You hit the worm.
The worm is lightly wounded.
You hit the worm.
The worm is moderately wounded.
The worm closely misses you.
You barely miss the worm.
The worm is lightly wounded.
You hit the worm.
The worm is moderately wounded.
The worm bites you!
You slash the worm!
The worm is heavily wounded.
You block the worm's attack.
You completely miss the worm.
The worm is heavily wounded.
The worm splashes around in the water.
Your unstable footing causes you to fumble your attack.
Your unstable footing causes you to fumble your attack.
The worm bites you!
You barely miss the worm.
The worm is heavily wounded.
The worm bites you.
You barely miss the worm.
The worm is moderately wounded.
The worm bites you but does no damage.
Your unstable footing causes you to fumble your attack.
The worm bites you.
* * * LOW HITPOINT WARNING * * *
Your unstable footing causes you to fumble your attack.
The worm bites you!
You die...

#.
#...#.#####...
#.....### #...
#...#...###...
##.##.........
####.##...#####.
#....###.## #.
#########.##.#
#.# #.
#............#
#.. #.
.##≈≈≈@≈##..#
### ##
#≈≈≈w≈##.?#
#.≈≈.....≈≈..#
#.≈≈.....≈≈..#
#.≈≈.≈.......#
..≈≈.....≈≈....
#.≈≈.....≈≈.###
#.##≈≈.≈≈##.#


You could see a worm.

Vanquished Creatures
  Terence (D:3)
  An adder (D:3)
  3 worms
  An orc (D:3)
  2 giant cockroaches
  2 goblins (D:1)
  6 hobgoblins
  2 jackals (D:2)
  6 kobolds
  2 quokkas (D:1)
  2 ball pythons (D:1)
  5 bats
  3 frilled lizards
  4 rats (D:1)
40 creatures vanquished.

Notes
Turn   | Place    | Note
-------+----------+-------------------------------------------
     0 | D:1      | bande the Gargoyle Fighter began the quest for the Orb.
     0 | D:1      | Reached XP level 1. HP: 14/14 MP: 1/1
   224 | D:1      | Reached XP level 2. HP: 19/19 MP: 2/2
   926 | D:2      | Reached XP level 3. HP: 23/24 MP: 3/3
   979 | D:2      | Identified the ring "Lirikiq" {AC+4 Int-4 Dex+5}
  1208 | D:2      | Found Seirphaly's One-of-a-Kind Rings.
  1652 | D:3      | Found a faded altar of an unknown god.
  1846 | D:3      | Reached skill level 4 in Armour
  1972 | D:3      | Noticed Terence
  1982 | D:3      | Reached XP level 4. HP: 4/29 MP: 4/4
  1984 | D:3      | Killed Terence
  2469 | D:3      | Slain by a worm

Illustrated notes

Levels and vault maps discovered:
D:1:      minmay_arrival_four_circles, layout_basic, minmay_misc_feat_pillars
D:2:      layout_loops_ring, nicolae_shop_unique_rings
D:3:      layout_loops_ring, ebering_ecumenical_altar_abandoned,
          cheibrodos_sewer_entry_sluice, minmay_misc_feat_room, uniq_terence

Skill      XL: |  1  2  3  4 |
---------------+-------------+-----
Axes           | 2 3 |  3.1
Armour         | 4 |  4.0
Fighting       | |  3.6
Shields        | |  3.7

Action                   |  1- 3 |  4- 6 || total
-------------------------+-------+-------++-------
Melee: War axe           |   130 |    22 ||   152
  Use: Scroll            |    12 |       ||    12
Armor: Scale mail        |    74 |     7 ||    81
Dodge: Dodged            |    73 |     2 ||    75
Block: Buckler           |    40 |     2 ||    42

Table legend: (Time is in decaauts)
 A = Elapsed time spent in this place.
 B = Non-inter-level travel time spent in this place.
 C = Inter-level travel time spent in this place.
 D = Time resting spent in this place.
 E = Time spent auto-exploring this place.
 F = Levels seen in this place.
 G = Mean time per level.
                   A        B        C        D        E       F      G
               +--------+--------+--------+--------+--------+-----+--------+
         Total |   2533 |   2497 |     36 |      0 |   2084 |   3 |  844.3 |
       Dungeon |   2533 |   2497 |     36 |      0 |   2084 |   3 |  844.3 |
               +--------+--------+--------+--------+--------+-----+--------+

Top non-repeatable levels by time:
     D:3: 1071 daAuts
     D:2: 845 daAuts
     D:1: 616 daAuts
